 Dungeon Crawl Stone Soup version 0.27.1-1-g398f81649c (webtiles) character file.

Game seed: 3740893003599900851

2 ABBCCCDDDD the Insei (level 1, -1/16 HPs)
             Began as an Octopode Monk on Sept 14, 2021.
             Slain by a kobold (13 damage)
             ... on level 1 of the Dungeon.
             The game lasted 00:00:22 (131 turns).

ABBCCCDDDD the Insei (Octopode Monk)                 Turns: 131, Time: 00:00:23

Health: -1/16      AC:  1    Str: 10    XL:     1   Next: 40%
Magic:  1/1        EV: 14    Int: 12    God:
Gold:   26         SH:  0    Dex: 14    Spells: 0/0 levels left

rFire    . . .     SeeInvis .     - Unarmed
rCold    . . .     Faith    .   (no shield)
rNeg     . . .     Spirit   .   (helmet restricted)
rPois    .         Reflect  .   (no amulet)
rElec    .         Harm     .   (no ring)
rCorr    .         Rampage  .   (no ring)
Will     .....                  (no ring)
Stlth    +++.......             (no ring)
HPRegen  0.05/turn              (no ring)
MPRegen  0.07/turn              (no ring)
                                (no ring)
                                (no ring)

@: no status effects
A: almost no armour, amphibious, 8 rings, camouflage 1, gelatinous body 1,
(nimble swimmer 1), tentacles
a: no special abilities


You were on level 1 of the Dungeon.
You visited 1 branch of the dungeon, and saw 1 of its levels.

You collected 26 gold pieces.

Inventory:

Scrolls
 a - a scroll of identify {unknown}


   Skills:
 + Level 3.0 Fighting
 + Level 3.0 Dodging
 + Level 2.8 Stealth
 + Level 3.0 Unarmed Combat


You couldn't memorise any spells.
You didn't know any spells.
Your spell library contained the following spells:

 Spells                   Type           Power      Damage    Failure   Level
 Conjure Flame            Conj/Fire      0%         6-21      69%         3
 Ignite Poison            Fire/Tmut/Pois 0%         N/A       69%         3
 Sticky Flame             Conj/Fire      0%         2d3       97%         4


Dungeon Overview and Level Annotations

Branches:
Dungeon (1/15)

Altars:


Innate Abilities, Weirdness & Mutations

You cannot wear most types of armour.
You are amphibious.
You can wear up to eight rings at the same time.
Your skin changes colour to match your surroundings (Stealth+).
Your rubbery body absorbs attacks. (AC +1, EV +1)
((You are camouflaged near water. (Stealth+)))
You have tentacles for arms and can constrict up to eight enemies at once.


Message History

Welcome, ABBCCCDDDD the Octopode Monk.
The bosom of this dungeon contains the fabled artefact, the Orb of Zot.
Press ? for a list of commands and other information.
Found an escape hatch in the floor.
Found a staircase leading out of the dungeon.
Unknown command.
You open the large door.
There is a large open door here.
You now have 15 gold pieces.
Found a stone staircase leading down.
Found 19 stones.
Found an Everburning Encyclopedia.
Found a robe.
You pick up an Everburning Encyclopedia and begin reading...
You add the spells Conjure Flame, Ignite Poison and Sticky Flame to your library.
Found a scroll labelled ZEAMOMM MESE.
a - a scroll labelled ZEAMOMM MESE
Okay, then.
Found 11 gold pieces.
A dart slug comes into view.
You see here 11 gold pieces.
A dart slug is nearby!
You tentacle-slap the dart slug. You grab the dart slug.
You squeeze the dart slug!
You kill the dart slug!
No target in view!
No target in view!
You now have 26 gold pieces (gained 11).
A kobold comes into view.
It is wielding a +0 dagger of electrocution.
A kobold is nearby!
A kobold is nearby!
There is a stone staircase leading down here.
A goblin comes into view. It is wielding a +0 club.
The kobold shouts!
The goblin shouts!
The kobold hits you with a +0 dagger of electrocution.
You are electrocuted!
Ouch! That really hurt!
You die...

#.# #..##### ##≈
#.# #..# #≈≈
#.###..##### ###§≈
#..........###.'..
#>.............'..
#..##.########.#§≈
#........ ...#≈≈
#.###.### ###.##§
#@# #.# #.##§ #K#
#. #.### #.# #.
#.# # #.# #.# #g#
... #.. ###


You could see a goblin and a kobold.

Levels and vault maps discovered:
D:1:      lightli_molten_gateway, layout_basic, minmay_misc_feat_room,
          minmay_split_cup_small

Notes
Turn   | Place    | Note
-------+----------+-------------------------------------------
     0 | D:1      | ABBCCCDDDD the Octopode Monk began the quest for the Orb.
     0 | D:1      | Reached XP level 1. HP: 16/16 MP: 1/1
   131 | D:1      | Slain by a kobold

Table legend: (Time is in decaauts)
 A = Elapsed time spent in this place.
 B = Non-inter-level travel time spent in this place.
 C = Inter-level travel time spent in this place.
 D = Time resting spent in this place.
 E = Time spent auto-exploring this place.
 F = Levels seen in this place.
 G = Mean time per level.
                   A        B        C        D        E       F      G
               +--------+--------+--------+--------+--------+-----+--------+
         Total |    130 |    130 |      0 |      0 |    110 |   1 |  130.0 |
       Dungeon |    130 |    130 |      0 |      0 |    110 |   1 |  130.0 |
               +--------+--------+--------+--------+--------+-----+--------+

Top non-repeatable levels by time:
     D:1: 130 daAuts

Table legend:
 A = Kills in this place as a percentage of kills in entire the game.
 B = Kills by you in this place as a percentage of kills by you in the entire game.
 C = Kills by friends in this place as a percentage of kills by friends in the entire game.
 D = Other kills in this place as a percentage of other kills in the entire game.
 E = Experience gained in this place as a percentage of experience gained in the entire game.
 F = Experience gained in this place divided by the number of levels of this place that you have seen.
                   A       B       C       D       E      F
               +-------+-------+-------+-------+-------+----------------------
         Total | 100.0 | 100.0 |   N/A |   N/A | 100.0 |   4.0
       Dungeon | 100.0 | 100.0 |   N/A |   N/A | 100.0 |   4.0
               +-------+-------+-------+-------+-------+----------------------

Action                   || total
-------------------------++-------
Melee: Unarmed           ||     1
       Constrict         ||     1
       Tentacles         ||     1

Vanquished Creatures
  A dart slug (D:1)
1 creature vanquished.
